 Dungeon Crawl Stone Soup version 0.16.2-12-gd0ad4c3 (webtiles) character file.

63882 faibistes the Eclecticist (level 14, 0/84 HPs)
             Began as a Deep Elf Wizard on May 15, 2018.
             Was the Champion of Sif Muna.
             Killed from afar by Nikola (21 damage)
             ... with a chain lightning
             ... on level 1 of the Elven Halls.
             The game lasted 01:53:03 (38666 turns).

faibistes the Eclecticist (Deep Elf Wizard)        Turns: 38666, Time: 01:53:03

Health: 0/84       AC: 13    Str:  4    XL:     14   Next: 69%
Magic:  21/38      EV: 17    Int: 27    God:    Sif Muna [******]
Gold:   2319       SH:  0    Dex: 13    Spells: 12 memorised, 4 levels left

rFire  . . .     SeeInvis +     w - +4 dagger (elec)
rCold  . . .     Clarity  .     J - +2 robe {Archmagi}
rNeg   + . .     SustAb   .     (no shield)
rPois  .         Gourm    .     v - +2 hat
rElec  .         Spirit   .     C - +0 cloak
rCorr  .         Warding  +     h - +2 pair of gloves {archery}
rMut   .         Stasis   .     o - +2 pair of boots
MR     +....                    c - amulet of warding
Stlth  ++........               M - ring of wizardry
                                l - ring of see invisible

@: repel missiles, somewhat resistant to hostile enchantments, unstealthy
A: dopey 1
a: Channel Energy, Forget Spell, Renounce Religion


You were on level 1 of the Elven Halls.
You worshipped Sif Muna.
Sif Muna was exalted by your worship.
You were hungry.

You visited 5 branches of the dungeon, and saw 26 of its levels.
You also visited: Ossuary.

You collected 2643 gold pieces.
You spent 324 gold pieces at shops.

Inventory:

Hand weapons
 w - a +4 dagger of electrocution (weapon)
Armour
 h - a +2 pair of gloves of archery (worn)
 o - a +2 pair of boots (worn)
 v - a +2 hat (worn)
 C - a +0 cloak (worn)
 I - a +2 robe of magic resistance
 J - a +2 robe of the Archmagi (worn)
Rods
 X - a +1 rod of ignition (11/11)
   (You found it on level 3 of the Lair of Beasts)
Jewellery
 c - an amulet of warding (around neck)
 e - an uncursed amulet of stasis
 l - a ring of see invisible (left hand)
 s - an uncursed ring of protection from fire
 A - an uncursed amulet of resist corrosion
 H - an uncursed ring of protection from cold
 M - a ring of wizardry (right hand)
Magical devices
 j - a wand of fire (10)
 x - a wand of polymorph (0)
 D - a wand of slowing (11)
 F - a wand of draining (4)
 K - a wand of fire (8)
 P - a wand of fireball (5)
 Q - a wand of confusion (20)
 S - a wand of fire (15)
 Y - a wand of paralysis (9)
 Z - a wand of fire (6)
Scrolls
 a - 2 scrolls of summoning
 f - 10 scrolls of remove curse
 g - 6 scrolls of fog
 n - 4 scrolls of magic mapping
 p - 5 scrolls of immolation
 u - 2 scrolls of identify
 y - a scroll of blinking
 B - 10 scrolls of teleportation
Potions
 i - 6 potions of curing
 q - a potion of invisibility
 r - 2 potions of magic
 t - 2 potions of ambrosia
 z - 2 potions of haste
 E - 4 potions of restore abilities
 G - 3 potions of brilliance
 N - 3 potions of might
 R - 3 potions of resistance
 T - 2 potions of flight
 U - 5 potions of heal wounds
 V - 2 potions of cancellation
Comestibles
 b - 5 chunks of flesh
 d - 15 bread rations
 k - 2 meat rations
 m - 20 fruits


   Skills:
 + Level 8.0 Fighting
 - Level 10.0 Dodging
 - Level 2.4 Stealth
 * Level 15.5 Spellcasting
 * Level 8.7 Conjurations
 + Level 8.3 Charms
 - Level 4.0 Summonings
 + Level 6.9 Translocations
 * Level 8.9 Fire Magic
 - Level 3.1 Ice Magic
 - Level 3.3 Air Magic
 * Level 8.4 Earth Magic
 - Level 2.0 Poison Magic
 * Level 8.0 Invocations
 - Level 9.0 Evocations


You had 4 spell levels left.
You knew the following spells:

 Your Spells              Type           Power        Failure   Level  Hunger
a - Magic Dart            Conj           ####         1%          1    None
b - Conjure Flame         Conj/Fire      #######.     1%          3    None
c - Summon Ice Beast      Ice/Summ       ######..     3%          4    None
d - Blink                 Tloc           N/A          1%          2    None
e - Mephitic Cloud        Conj/Pois/Air  ######..     1%          3    None
f - Repel Missiles        Chrm/Air       ######       1%          2    None
g - Call Imp              Summ           ######..     1%          2    None
h - Iskenderun's Battles  Conj/Chrm      #######.     1%          5    None
i - Summon Forest         Summ/Tloc      ######....   4%          5    None
j - Summon Lightning Spi  Summ/Air       ######..     2%          4    None
v - Bolt of Fire          Conj/Fire      #######...   4%          6    ####...
x - Stone Arrow           Conj/Erth      ######       1%          3    None


Dungeon Overview and Level Annotations

Branches:
Dungeon (12/15) Temple (1/1) D:7 Lair (8/8) D:9 Swamp (0/5) Lair:5 Lair:6 Snake (0/5) Lair:4 Slime (0/6) Lair:7 Orc (4/4) D:11 Elf (1/3) Orc:4

Altars:
Ashenzari
Cheibriados
Dithmenos
Elyvilon
Fedhas
Gozag
Kikubaaqudgha
Makhleb
Nemelex Xobeh
Okawaru
Qazlal
Ru
Sif Muna
Trog
Vehumet
Xom
Yredelemnul
Zin
The Shining One
Beogh
Jiyva

Shops:
D:10 !   Orc:1 }   Orc:4 [(*=

Annotations:
Elf:1 Nikola


Innate Abilities, Weirdness & Mutations

You are dopey. (Int -2)


Message History

Aiming: Bolt of Fire
Press: ? - help, Shift-Dir - straight line, f - Nikola
Aim: Nikola, wielding a rapier of electrocution, wearing a runed cloak and wearing a pair of spiked gloves (hasn't noticed you)
You feel a surge of power!
The bolt of fire hits Nikola.
Nikola resists.
Nikola is lightly wounded.
Nikola shouts!
Casting: Bolt of Fire
Confirm with . or Enter, or press ? or * to list all spells.
Aiming: Bolt of Fire
Press: ? - help, Shift-Dir - straight line, f/p - Nikola
Aim: Nikola, wielding a rapier of electrocution, wearing a runed cloak and wearing a pair of spiked gloves (lightly wounded)
You feel a surge of power!
The bolt of fire hits Nikola.
Nikola resists.
Nikola is lightly wounded.
Nikola casts a spell.
You hear a mighty clap of thunder!
The lightning arc hits you!
The lightning arc hits Nikola.
The lightning arc hits you!
* * * LOW HITPOINT WARNING * * *
The lightning arc hits Nikola.
The lightning arc hits you!
You die...

####+###
...#....##
.....$....##
####
............+
...##
...........#
#... ..........#
#..# ....@.....#
#..# ##@## #..#
+...######..#
+...........####
##.............+
##..#####.....+
.........#
##.####
######++## #.#
......## #.#
#.......# #.#


You could see Nikola.

Vanquished Creatures
  Donald (Orc:3)
  An orc warlord (Orc:4)
  A stone giant (Orc:3)
  A deep elf death mage (Elf:1)
  Harold (D:11)
  3 hydras
  Erica (Lair:3)
  3 death yaks (Lair:6)
  3 orc high priests (Orc:4)
  Erolcha (D:10)
  A fire crab (Lair:4)
  A deep elf summoner (Elf:1)
  5 orc knights
  A hill giant (D:11)
  A manticore (D:12)
  A wolf spider (Lair:8)
  An ugly thing (D:7)
  3 griffons
  3 orc sorcerers (Orc:4)
  2 elephants
  A guardian serpent (Lair:8)
  2 hornets (Lair:8)
  A torpor snail (Lair:6)
  9 black mambas
  A queen ant (Lair:5)
  14 spiny frogs
  6 komodo dragons
  3 fire drakes
  3 trolls
  6 polar bears
  A two-headed ogre (D:9)
  Grinder (D:3)
  A wandering mushroom (Lair:8)
  Prince Ribbit (D:3)
  10 blink frogs (Lair:1)
  A basilisk (Lair:1)
  A redback (Lair:8)
  A spriggan (Lair:7)
  4 deep elf magi
  Eustachio (D:3)
  Grum (Orc:1)
  7 wolves
  35 yaks
  3 wyverns (Lair:6)
  8 hippogriffs
  3 hungry ghosts (D:9)
  A mottled dragon (D:12)
  5 nagas (Lair:4)
  2 deep elf fighters (Elf:1)
  7 porcupines
  10 soldier ants (Lair:5)
  6 wargs
  24 water moccasins
  2 ice beasts
  30 orc warriors
  3 wasps (Lair:8)
  A sky beast (D:8)
  10 black bears
  5 spiders (Lair:8)
  A black bear (shapeshifter) (Elf:1)
  2 phantoms (D:6)
  2 boring beetles
  11 ogres
  3 centaurs
  13 crocodiles
  Blork the orc (D:4)
  11 giant frogs
  5 scorpions
  A spriggan skeleton (D:9)
  3 electric eels
  6 crimson imps
  3 centaur zombies (Ossuary)
  A jelly (D:10)
  A goliath beetle (D:5)
  3 centaur skeletons
  A wasp zombie (D:7)
  2 human zombies (Ossuary)
  4 giant frog skeletons
  A quasit (D:9)
  7 iguanas
  10 hounds
  17 orc wizards
  20 orc priests
  39 worker ants
  Natasha (thrice) (D:2)
  A killer bee zombie (D:10)
  4 sheep (Lair:2)
  A big kobold zombie (Ossuary)
  3 mummies (Ossuary)
  A worker ant zombie (D:10)
  Robin (D:3)
  A gnoll (D:5)
  25 adders
  50 river rats
  A giant mite (D:5)
  A worm (D:3)
  5 shadow imps
  3 adder skeletons
  2 adder zombies
  An ooze (D:6)
  124 orcs
  20 bats
  2 bat skeletons
  8 giant cockroaches
  25 hobgoblins
  9 jackals
  17 kobolds
  13 quokkas
  A ball python (D:2)
  A ball python skeleton (D:4)
  5 giant geckos
  7 giant newts
  A giant spore (D:10)
  25 goblins
  A goblin zombie (Ossuary)
  A jackal skeleton (D:5)
  3 jackal zombies
  An orc zombie (Ossuary)
  A quokka zombie (D:5)
  15 rats
  4 ballistomycetes
  2 fungi
  A plant (Lair:8)
824 creatures vanquished.

Vanquished Creatures (collateral kills)
  2 death yaks (Lair:6)
  A faun (Lair:4)
  2 black mambas (Lair:6)
  2 elephants (Lair:6)
  2 yaks
  A wyvern (Lair:6)
  A water moccasin (Lair:5)
  3 soldier ants (Lair:5)
  2 porcupines
  3 orc warriors (Orc:4)
  4 orc priests
  5 orc wizards
  13 worker ants (Lair:5)
  5 sheep (Lair:6)
  An adder (D:2)
  22 river rats
  A shadow imp (D:11)
  28 orcs
  A hobgoblin (Orc:2)
  2 jackals (D:1)
  2 goblins
  2 bushes (Lair:6)
  9 fungi
  10 plants
124 creatures vanquished.

Vanquished Creatures (others)
  4 ice beasts
  A soldier ant (Lair:5)
  A lightning spire (Orc:3)
  A giant spore (D:12)
  24 fungi
  5 plants
  565 snaplasher vine segments
601 creatures vanquished.

Grand Total: 1549 creatures vanquished

Notes
Turn   | Place    | Note
--------------------------------------------------------------
     0 | D:1      | faibistes, the Deep Elf Wizard, began the quest for the Orb.
     0 | D:1      | Reached XP level 1. HP: 10/10 MP: 6/6
   378 | D:1      | Reached XP level 2. HP: 15/15 MP: 4/10
   383 | D:1      | Learned a level 2 spell: Blink
   386 | D:1      | Learned a level 2 spell: Call Imp
   470 | D:1      | Reached skill level 5 in Spellcasting
   807 | D:1      | Reached XP level 3. HP: 19/19 MP: 8/14
   812 | D:1      | Learned a level 3 spell: Conjure Flame
   817 | D:1      | Learned a level 3 spell: Mephitic Cloud
  1637 | D:2      | Found a shattered altar of Ashenzari.
  1952 | D:3      | Noticed Natasha
  2205 | D:2      | Killed Natasha
  2205 | D:2      | Reached XP level 4. HP: 24/24 MP: 9/17
  2218 | D:2      | Learned a level 2 spell: Repel Missiles
  2257 | D:2      | Noticed Natasha
  2263 | D:2      | Killed Natasha
  2617 | D:3      | Noticed Robin
  2644 | D:3      | Noticed Grinder
  2724 | D:3      | Lost strength.
  2746 | D:2      | HP: 1/24 [hobgoblin/club[Robin] (1)]
  2955 | D:2      | Noticed Natasha
  2957 | D:2      | Killed Natasha
  3407 | D:3      | Paralysed by Grinder for 6 turns
  3473 | D:3      | Paralysed by Grinder for 6 turns
  3509 | D:3      | Killed Grinder
  3509 | D:3      | Reached skill level 6 in Spellcasting
  3509 | D:3      | Reached XP level 5. HP: 11/28 MP: 18/21
  3509 | D:3      | Reached XP level 6. HP: 12/32 MP: 18/22
  3734 | D:4      | Noticed Prince Ribbit
  3952 | D:4      | Noticed Eustachio
  3981 | D:3      | Killed Prince Ribbit
  3981 | D:3      | Reached skill level 7 in Spellcasting
  3981 | D:3      | Reached XP level 7. HP: 16/36 MP: 13/25
  4015 | D:3      | Killed Robin
  4194 | D:3      | Killed Eustachio
  4194 | D:3      | Reached skill level 5 in Dodging
  4346 | D:4      | Reached skill level 8 in Spellcasting
  5626 | D:4      | Reached skill level 1 in Fighting
  5760 | D:5      | Entered Level 5 of the Dungeon
  5826 | D:4      | Found an iron altar of Okawaru.
  5880 | D:4      | Reached XP level 8. HP: 43/43 MP: 17/28
  5886 | D:4      | Reached skill level 1 in Evocations
  6022 | D:4      | Learned a level 3 spell: Stone Arrow
  6362 | D:4      | Noticed Blork the orc
  6368 | D:4      | Killed Blork the orc
  6368 | D:4      | Reached skill level 9 in Spellcasting
  7581 | D:5      | Found a shimmering altar of Xom.
  8121 | D:6      | Reached skill level 10 in Spellcasting
  8842 | D:6      | Reached XP level 9. HP: 49/51 MP: 15/30
  9023 | D:6      | Found a glowing silver altar of Zin.
  9346 | D:8      | Found a sand-covered staircase.
  9416 | Ossuary  | Entered an ossuary
  9975 | D:7      | Found a white marble altar of Elyvilon.
  9980 | D:7      | You fall through a shaft for 3 floors!
  9980 | D:10     | Entered Level 10 of the Dungeon
 10153 | D:10     | Found Degac's Distillery.
 10273 | D:10     | Bought a potion of degeneration for 17 gold pieces
 10273 | D:10     | Bought a potion of ambrosia for 136 gold pieces
 10274 | D:10     | Bought a potion of curing for 51 gold pieces
 10625 | D:10     | Reached skill level 11 in Spellcasting
 10803 | D:9      | Reached skill level 5 in Fighting
 10803 | D:9      | Reached skill level 5 in Evocations
 11290 | D:9      | Reached XP level 10. HP: 59/59 MP: 14/32
 11376 | D:9      | Found a runed door.
 11611 | D:9      | Reached skill level 12 in Spellcasting
 12731 | D:7      | Found a staircase to the Ecumenical Temple.
 12737 | Temple   | Entered the Ecumenical Temple
 12983 | Temple   | Became a worshipper of Sif Muna the Loreminder
 13145 | D:7      | Noticed a brown ugly thing
 13152 | D:7      | Killed a brown ugly thing
 13662 | D:10     | Reached skill level 1 in Earth Magic
 13665 | D:10     | Reached skill level 1 in Fire Magic
 13665 | D:10     | Reached skill level 1 in Air Magic
 13665 | D:10     | Reached skill level 1 in Poison Magic
 13680 | D:10     | Noticed Erolcha
 13687 | D:10     | Killed Erolcha
 13687 | D:10     | Acquired Sif Muna's first power
 14043 | D:8      | Found an opulent altar of Gozag.
 14453 | D:9      | Found a staircase to the Lair.
 15146 | Lair:1   | Entered Level 1 of the Lair of Beasts
 15256 | Lair:1   | Learned a level 4 spell: Summon Ice Beast
 15323 | Lair:1   | Reached skill level 5 in Conjurations
 15353 | Lair:1   | Reached XP level 11. HP: 64/64 MP: 14/34
 15470 | Lair:1   | Acquired Sif Muna's second power
 15673 | Lair:2   | Identified a +1 rod of ignition (11/11) (You found it on level 3 of the Lair of Beasts)
 15722 | Lair:2   | Learned a level 5 spell: Summon Forest
 16093 | Lair:1   | Noticed a black mamba
 16097 | Lair:1   | Killed a black mamba
 16975 | Lair:1   | Reached skill level 1 in Charms
 17203 | Lair:2   | Reached skill level 1 in Invocations
 17395 | Lair:2   | Reached skill level 13 in Spellcasting
 17540 | Lair:2   | Reached skill level 1 in Ice Magic
 18150 | Lair:4   | Noticed a fire crab
 18268 | Lair:4   | Killed a fire crab
 18524 | Lair:3   | Noticed Erica
 18533 | Lair:3   | Killed Erica
 18727 | Lair:4   | Reached skill level 5 in Earth Magic
 18729 | Lair:4   | Reached XP level 12. HP: 69/71 MP: 22/35
 18775 | Lair:2   | Noticed a four-headed hydra
 18783 | Lair:2   | Killed a four-headed hydra
 18909 | Lair:2   | Acquired Sif Muna's third power
 20199 | Lair:3   | Reached skill level 10 in Dodging
 21014 | Lair:5   | Reached skill level 5 in Fire Magic
 21054 | Lair:5   | Reached skill level 5 in Translocations
 22431 | Lair:4   | Found a staircase to the Snake Pit.
 23683 | Lair:5   | Reached skill level 14 in Spellcasting
 23732 | Lair:5   | Found a staircase to the Swamp.
 24197 | Lair:6   | Reached skill level 5 in Invocations
 24482 | Lair:6   | Reached skill level 5 in Charms
 24503 | Lair:6   | Found a staircase to the Swamp.
 24714 | Lair:6   | Noticed a five-headed hydra
 24725 | Lair:6   | Killed a five-headed hydra
 25015 | Lair:6   | Reached XP level 13. HP: 76/76 MP: 2/37
 25638 | Lair:6   | Received a gift from Sif Muna
 25648 | Lair:6   | Identified Sif Muna's Advanced Sorcery (Sif Muna gifted it to you on level 6 of the Lair of Beasts)
 25755 | Lair:6   | Learned a level 5 spell: Iskenderun's Battlesphere
 25936 | Lair:7   | Identified the Almanac of the Damaging Blaze
 27072 | Lair:7   | Found a viscous altar of Jiyva.
 27072 | Lair:7   | Found a staircase to the Slime Pits.
 27105 | Lair:8   | Entered Level 8 of the Lair of Beasts
 27206 | Lair:7   | Learned a level 6 spell: Bolt of Fire
 31350 | D:10     | You fall through a shaft for 2 floors!
 31352 | D:12     | Reached XP level 14. HP: 82/82 MP: 25/38
 31706 | D:11     | Noticed an orc knight
 32374 | D:10     | Received a gift from Sif Muna
 32375 | D:10     | Identified Unoxzoh's Reference Book on Floating Attacks (Sif Muna gifted it to you on level 10 of the Dungeon)
 32381 | D:10     | Learned a level 4 spell: Summon Lightning Spire
 32741 | D:11     | Found a roughly hewn altar of Beogh.
 32741 | D:11     | Found a staircase to the Orcish Mines.
 32754 | Orc:1    | Entered Level 1 of the Orcish Mines
 32773 | Orc:1    | Noticed Grum
 32779 | Orc:1    | Killed Grum
 33002 | D:11     | Killed an orc knight
 33363 | D:11     | Noticed Harold
 33368 | D:11     | Killed Harold
 33368 | D:11     | Reached skill level 15 in Spellcasting
 33981 | Orc:4    | Entered Level 4 of the Orcish Mines
 33988 | Orc:4    | Noticed an orc warlord
 33991 | Orc:4    | Gained mutation: You are dopey. (Int -2) [a neqoxec]
 34386 | Orc:4    | Killed an orc warlord
 34583 | Orc:4    | Found Lutur's Jewellery Shop.
 35035 | Orc:1    | Found Kumufimn's Quality Used Wands.
 35389 | Orc:3    | Noticed Donald
 35396 | Orc:3    | Killed Donald
 35840 | Orc:1    | Found a bloodstained altar of Trog.
 36169 | Orc:4    | Found a roughly hewn altar of Beogh.
 37485 | Orc:4    | Found Qusoacin's General Store.
 37567 | Orc:4    | Bought a scroll of blinking for 120 gold pieces
 37607 | Orc:4    | Found Oxeadas' Antique Armour Emporium.
 37613 | Orc:4    | Found a staircase to the Elven Halls.
 37682 | Orc:4    | Found Uczinoc's Antique Weapon Boutique.
 38419 | Elf:1    | Entered Level 1 of the Elven Halls
 38665 | Elf:1    | Noticed Nikola
 38666 | Elf:1    | Killed from afar by Nikola

Action                   |  1- 3 |  4- 6 |  7- 9 | 10-12 | 13-15 || total
-------------------------+-------+-------+-------+-------+-------++-------
Melee: Club              |     5 |       |       |       |       ||     5
       Dagger            |     5 |     1 |    42 |   113 |    17 ||   178
       Unarmed           |       |    17 |       |       |       ||    17
 Cast: Magic Dart        |    99 |    44 |   306 |   266 |   337 ||  1052
       Call Imp          |     3 |     1 |       |       |       ||     4
       Mephitic Cloud    |     2 |     8 |    20 |    34 |       ||    64
       Blink             |       |     5 |    10 |     6 |     7 ||    28
       Conjure Flame     |       |     3 |    37 |    71 |    13 ||   124
       Repel Missiles    |       |     1 |     2 |       |     2 ||     5
       Stone Arrow       |       |       |    90 |   328 |   134 ||   552
       Summon Forest     |       |       |       |     8 |     8 ||    16
       Summon Ice Beast  |       |       |       |     9 |    11 ||    20
       Bolt of Fire      |       |       |       |       |   136 ||   136
       Iskenderun's Batt |       |       |       |       |    53 ||    53
       Summon Lightning  |       |       |       |       |     7 ||     7
Invok: Channel Energy    |       |       |       |    19 |    43 ||    62
Evoke: Wand              |       |       |       |     1 |       ||     1
  Use: Scroll            |     1 |       |    15 |    14 |     7 ||    37
       Potion            |       |       |     1 |       |     6 ||     7
 Stab: Sleeping          |     1 |       |     1 |     4 |       ||     6
       Confused          |       |       |     1 |     4 |       ||     5
       Distracted        |       |       |       |     1 |     1 ||     2
  Eat: Chunk             |     3 |     2 |    19 |    31 |    41 ||    96
       Bread ration      |       |     1 |       |       |       ||     1
       Pizza             |       |       |     2 |     2 |     1 ||     5
       Fruit             |       |       |       |     9 |     9 ||    18
       Beef jerky        |       |       |       |     2 |     3 ||     5
       Royal jelly       |       |       |       |       |     5 ||     5
